 Dungeon Crawl Stone Soup version 0.26.1-11-gd32895ea62 (webtiles) character file.

Game seed: 905950503376034732

66 Arcadio the Sneak (level 4, 0/29 HPs)
             Began as an Octopode Brigand on May 22, 2021.
             Killed by divine providence
             ... invoked by an orc priest
              (10 damage)
             ... on level 1 of the Dungeon.
             The game lasted 00:02:21 (1489 turns).

Arcadio the Sneak (Octopode Brigand)                Turns: 1489, Time: 00:02:22

Health: 0/29       AC:  1    Str: 10    XL:     4   Next: 15%
Magic:  4/4        EV: 14    Int: 13    God:
Gold:   52         SH:  0    Dex: 14    Spells: 3/3 levels left

rFire    . . .     SeeInvis .   a - +2 dagger
rCold    . . .     Faith    .   (no shield)
rNeg     . . .     Spirit   .   (helmet restricted)
rPois    .         Reflect  .   (no amulet)
rElec    .         Harm     .   (no ring)
rCorr    .         Rampage  .   (no ring)
Will     .....                  (no ring)
Stlth    ++++......             (no ring)
HPRegen  0.09/turn              (no ring)
MPRegen  0.09/turn              (no ring)
                                (no ring)
                                (no ring)

@: no status effects
A: almost no armour, stealthy swim, amphibious, 8 rings, constrict 8, camouflage
1, gelatinous body 1
a: no special abilities


You were on level 1 of the Dungeon.
You visited 1 branch of the dungeon, and saw 2 of its levels.

You collected 52 gold pieces.

Inventory:

Hand Weapons
 a - a +2 dagger (weapon)
Missiles
 b - 28 poisoned darts (quivered)
 c - 2 curare-tipped darts
Armour
 i - a +0 buckler
Jewellery
 f - an uncursed ring of stealth {unknown}
Scrolls
 d - 2 scrolls of identify
 h - a scroll of teleportation {unknown}
 k - a scroll of immolation {unknown}
Potions
 e - a potion of curing
 g - a potion of berserk rage
 j - a potion of haste


   Skills:
 - Level 2.0 Fighting
 + Level 2.9 Short Blades
 - Level 2.0 Throwing
 + Level 2.3 Dodging
 + Level 6.2 Stealth


You had 3 spell levels left.
You didn't know any spells.
Your spell library was empty.

Dungeon Overview and Level Annotations

Branches:
Dungeon (2/15)

Altars:


Innate Abilities, Weirdness & Mutations

You cannot wear most types of armour.
You are very stealthy in the water. (Stealth+)
You are amphibious.
You can wear up to eight rings at the same time.
You can use your tentacles to constrict eight enemies at once.
Your skin changes colour to match your surroundings (Stealth+).
Your rubbery body absorbs attacks. (AC +1, EV +1)


Message History

You climb upwards.
There is a stone staircase leading down, spattered with blood here.
You hit the orc priest but do no damage.
Your grab misses the orc priest. The orc hits you with a +0 hand axe!
The orc priest miscasts a cantrip.
You hit the orc priest but do no damage.
You grab the orc priest. You constrict the orc priest.
The orc priest barely misses you. The orc misses you.
You hit the orc priest.
The orc priest is moderately wounded.
You constrict the orc priest. The orc priest hits you with a +0 club.
You hit the orc priest.
The orc priest is severely wounded.
You constrict the orc priest. The orc hits you with a +0 hand axe.
You barely miss the orc priest.
The orc priest is severely wounded.
You constrict the orc priest.
The orc priest invokes the aid of Beogh against you.
Beogh smites you!
You die...

#................#....
#................#..[.
#...........##.###....
#.....................
#...........##.###...[
#.....########.#######
##.....# #........
#....#+############...≈
#....o@..........##.≈♣♣
#....[)o.##..(.#..#♣♣♣≈
#..............##♣♣≈P≈≈
#....##.........≈≈≈≈≈≈÷
#....##....###.≈♣≈≈≈≈≈P
#....##....# #.♣≈≈P≈≈PP
#..).##.(..# #.♣♣P≈≈PPP
#....##....# #..≈♣≈≈♣≈≈
#....##....# #(..≈≈≈≈≈♣


You could see an orc priest and an orc.

Vanquished Creatures
  An orc wizard (D:1)
  A leopard gecko (D:1)
  An orc (D:1)
  5 giant cockroaches (D:1)
  3 hobgoblins (D:1)
  5 kobolds (D:1)
  4 bats (D:1)
  3 frilled lizards (D:1)
  5 goblins (D:1)
  4 rats (D:1)
32 creatures vanquished.

Vanquished Creatures (others)
  A plant (D:1)
1 creature vanquished.

Grand Total: 33 creatures vanquished

Notes
Turn   | Place    | Note
-------+----------+-------------------------------------------
     0 | D:1      | Arcadio the Octopode Brigand began the quest for the Orb.
     0 | D:1      | Reached XP level 1. HP: 14/14 MP: 1/1
    65 | D:1      | Reached XP level 2. HP: 19/19 MP: 2/2
   739 | D:1      | Reached XP level 3. HP: 24/24 MP: 3/3
  1173 | D:1      | Reached skill level 6 in Stealth
  1173 | D:1      | Reached XP level 4. HP: 11/29 MP: 4/4
  1489 | D:1      | Killed from afar by an orc priest

Illustrated notes

Levels and vault maps discovered:
D:1:      dpeg_arrival_line_fractal, layout_basic, st_stairs_5, fountainhead,
          serial_bayou_lake_a
D:2:      minmay_diamond_boxcup, layout_loops_corners, general_overflow_altar

Skill      XL: |  1  2  3 |
---------------+----------+-----
Dodging        | 2 |  2.3
Stealth        | 6 |  6.2
Fighting       | |  2.0
Short Blades   | |  2.9
Throwing       | |  2.0

Action                   |  1- 3 |  4- 6 || total
-------------------------+-------+-------++-------
Melee: Dagger            |    73 |     7 ||    80
       Constrict         |    17 |     2 ||    19
       Tentacles         |     7 |       ||     7
  Use: Scroll            |       |     3 ||     3
 Stab: Sleeping          |    12 |       ||    12
Armor: Skin              |     8 |       ||     8
Dodge: Dodged            |    58 |     6 ||    64
